 Dungeon Crawl Stone Soup version 0.20-a0-739-g6bb112f (webtiles) character file.

16328 polly the Carver (level 12, -9/105 HPs)
             Began as a Black Draconian Gladiator on Feb 25, 2017.
             Was the Champion of Okawaru.
             Mangled by a redback (16 damage)
             ... on level 3 of the Lair of Beasts.
             The game lasted 00:34:46 (16738 turns).

polly the Carver (Black Draconian Gladiator)       Turns: 16738, Time: 00:34:47

Health: -9/105     AC: 18    Str: 18    XL:     12   Next: 9%
Magic:  13/13      EV: 16    Int: 13    God:    Okawaru [******]
Gold:   903        SH: 12    Dex: 15    Spells: 3/11 levels left

rFire    . . .     SeeInvis .   a - +0 long sword
rCold    . . .     Gourm    .   (armour unavailable)
rNeg     . . .     Faith    .   C - +2 shield
rPois    .         Spirit   .   b - +0 hat
rElec    +         Reflect  .   w - +0 cloak
rCorr    .         Harm     .   D - +0 pair of gloves
MR       +....     Clarity  +   q - +2 pair of boots
Stlth    ++........             (no amulet)
Regen    0.3/turn               g - +3 ring of intelligence
MPRegen  0.2/turn               n - +4 ring of protection

@: lethally poisoned (-9 -> -39)
A: breathe lightning, unfitting armour, clarity, magic resistance 1, shaggy fur
1, electricity resistance, cold-blooded, AC +8
a: Breathe Lightning, Heroism, Finesse, Renounce Religion


You were on level 3 of the Lair of Beasts.
You worshipped Okawaru.
Okawaru was exalted by your worship.
You were not hungry.

You visited 3 branches of the dungeon, and saw 15 of its levels.

You collected 903 gold pieces.

Inventory:

Hand Weapons
 a - a +0 long sword (weapon)
Missiles
 K - 2 tomahawks of returning (quivered)
 L - 3 poisoned javelins
Armour
 b - a +0 hat (worn)
 q - a +2 pair of boots (worn)
 w - a +0 cloak (worn)
 C - a +2 shield (worn)
 D - a +0 pair of gloves (worn)
 H - the +2 pair of gloves of Polish {rF+ rC+++ Str-4 Dex-5}
   (You found it on level 8 of the Dungeon)

   It affects your strength (-4).
   It affects your dexterity (-5).
   It protects you from fire.
   It renders you almost immune to cold.
Magical Staves
 E - an uncursed staff of wizardry
Jewellery
 g - a +3 ring of intelligence (right hand)
 n - a +4 ring of protection (left hand)
 o - an uncursed ring of protection from fire
 p - an uncursed ring of wizardry
 V - an uncursed ring of ice {unknown}
Wands
 r - a wand of disintegration (7/24)
 x - a wand of iceblast (0/15)
 y - a wand of paralysis (0/24)
 I - a wand of iceblast (1/15)
 M - a wand of flame (25/48)
 N - a wand of clouds (3/9)
 U - a wand of paralysis (12/24)
 W - a wand of flame (26/48)
 X - a wand of confusion (28/48)
Scrolls
 e - 6 scrolls of teleportation
 h - 2 scrolls of fear
 i - 2 scrolls of immolation
 k - 4 scrolls of enchant weapon {unknown}
 l - 3 scrolls of magic mapping {unknown}
 m - 7 scrolls of remove curse {unknown}
 t - 2 scrolls of enchant armour {unknown}
 z - 2 scrolls of blinking {unknown}
 R - a scroll of fog {unknown}
 S - 8 scrolls of identify
 T - a scroll of noise {unknown}
Potions
 B - 3 potions of cancellation
 F - 2 potions of might
 G - 2 potions of agility
 J - a potion of resistance {unknown}
 P - 2 potions of brilliance {unknown}
Books
 O - a book of Air

   Spells                             Type                      Level
   a - Shock                          Conjuration/Air              1
   b - Swiftness                      Charms/Air                   2
   c - Static Discharge               Conjuration/Air              3
   d - Airstrike                      Air                          4
   e - Lightning Bolt                 Conjuration/Air              5
 Q - a book of Debilitation

   Spells                             Type                      Level
   a - Corona                         Hexes                        1
   b - Slow                           Hexes                        2
   c - Inner Flame                    Hexes/Fire                   3
   d - Portal Projectile              Hexes/Translocation          3
   e - Cause Fear                     Hexes                        4
   f - Leda's Liquefaction            Hexes/Earth                  4
Miscellaneous
 s - a crystal ball of energy
 Y - a phantom mirror
Comestibles
 c - 2 royal jellies
 d - 9 bread rations
 f - 7 meat rations
 v - 8 fruits


   Skills:
 + Level 9.4 Fighting
 + Level 13.4 Long Blades
 + Level 3.3 Throwing
 + Level 9.1 Dodging
 - Level 1.2 Stealth
 + Level 6.4 Shields
 + Level 1.6 Evocations


You had 3 spell levels left.
You knew the following spells:

 Your Spells              Type           Power        Failure   Level  Hunger
a - Regeneration          Chrm/Necr      #.........   100%        3    ####...
b - Lightning Bolt        Conj/Air       #.........   100%        5    ######.


Dungeon Overview and Level Annotations

Branches:
Dungeon (10/15)            Temple (1/1) D:4            Lair (4/6) D:8
  Swamp (0/4) Lair:3          Orc (0/2) D:9
  Snake: Lair:2-4    Spider: Lair:2-4

Altars:
Ashenzari
Cheibriados
Dithmenos
Elyvilon
Fedhas
Gozag
Hepliaklqana
Kikubaaqudgha
Makhleb
Nemelex Xobeh
Okawaru
Qazlal
Ru
Sif Muna
Trog
Uskayaw
Vehumet
Wu Jian
Xom
Yredelemnul
Zin
The Shining One

Annotations:
Lair:4 damiac's ghost, journeyman DEFE; mandarbmax's ghost, journeyman GrEE


Innate Abilities, Weirdness & Mutations

You can breathe wild blasts of lightning.
Your glossy black scales are hard. (AC +8)
You cannot fit into any form of body armour.
You are resistant to electric shocks. (rElec)
You are cold-blooded and may be slowed by cold attacks.
You possess an exceptional clarity of mind.
You are resistant to hostile enchantments. (MR+)
You are covered in fur. (AC +1)


Message History

You climb upwards.
There is a stone staircase leading down here.
You hit the redback but do no damage.
You feel yourself slow down. The redback bites you.
* * * LOW HITPOINT WARNING * * *
You are lethally poisoned!
The redback poisons you!
You feel magically purged.
Your magical contamination has completely faded away.
* * * LOW HITPOINT WARNING * * *
You feel very sick. You block the redback's attack.
It was a potion of mutation.
You feel extremely strange.
Your thoughts seem clearer.
Fur sprouts all over your body.
You feel resistant to hostile enchantments.
* * * LOW HITPOINT WARNING * * *
You feel very sick. The redback bites you!
You die...

.######...#................[.....
.................................
.................................
................≈≈...............
.............≈≈≈≈≈≈≈.............
............≈≈≈≈≈≈≈≈.............
.##.###.....≈≈≈≈≈≈≈≈≈.#....####..
P#.###.#....≈≈≈≈≈≈≈≈≈........#...
#####.###..≈≈≈≈≈@.≈≈≈.#..........
##..........≈≈≈≈s≈≈≈≈≈......#....
###.........≈≈≈≈≈≈≈≈≈............
###...#.#....≈≈≈≈≈≈≈........#....
.##...###...≈≈≈≈≈≈≈≈....♣♣≈≈≈....
.####.###..............♣≈≈§§≈♣♣<.
#..##.##..............♣♣≈≈§§§≈≈♣#
.....................≈§≈§§>§§≈≈♣♣
......................♣≈§§§§≈≈♣♣.


You could see a redback.

Vanquished Creatures
  2 hydras
  3 two-headed ogres (D:8)
  3 black mambas
  2 spiny frogs
  A rime drake (Lair:2)
  2 komodo dragons
  A troll (D:8)
  Grinder (D:5)
  5 hippogriffs
  Sigmund (D:3)
  4 hogs (D:7)
  A wraith (D:8)
  A wyvern (Lair:3)
  6 yaks (Lair:3)
  2 basilisks
  A human (D:7)
  Edmund (D:9)
  2 hell hounds (D:8)
  6 water moccasins
  10 porcupines
  A black bear (D:7)
  3 sky beasts
  4 orc warriors
  An ice beast (D:8)
  4 phantoms
  5 ogres
  5 centaurs
  4 crocodiles
  Blork the orc (D:5)
  12 bullfrogs
  A gnoll sergeant (D:8)
  A water moccasin zombie (D:8)
  A wyvern skeleton (D:8)
  2 scorpions
  6 killer bees (D:8)
  2 howler monkeys (D:7)
  6 crimson imps
  A centaur zombie (D:8)
  4 hounds
  2 orc priests (D:8)
  A bullfrog skeleton (D:6)
  8 orc wizards
  3 iguanas
  Ijyb (D:3)
  6 worker ants
  A howler monkey skeleton (D:6)
  A worker ant zombie (D:6)
  6 gnolls
  6 adders
  3 shadow imps
  An ooze (D:4)
  2 adder skeletons
  An adder zombie (D:7)
  A dart slug (D:1)
  2 leopard geckos
  20 orcs
  3 ball pythons
  4 bats
  7 giant cockroaches
  5 goblins
  7 hobgoblins
  6 quokkas
  3 frilled lizards
  7 kobolds
  8 rats
234 creatures vanquished.

Vanquished Creatures (collateral kills)
  A hydra (Lair:2)
1 creature vanquished.

Vanquished Creatures (others)
  A porcupine (Lair:4)
  A crocodile (Lair:4)
  2 fungi (Lair:3)
  A plant (Lair:3)
5 creatures vanquished.

Grand Total: 240 creatures vanquished

Notes
Turn   | Place    | Note
-------+----------+-------------------------------------------
     0 | D:1      | polly the Draconian Gladiator began the quest for the Orb.
     0 | D:1      | Reached XP level 1. HP: 17/17 MP: 1/1
   189 | D:1      | Reached XP level 2. HP: 18/25 MP: 2/2
   957 | D:2      | Reached XP level 3. HP: 25/30 MP: 3/3
  1368 | D:2      | Found a faded altar of an unknown god.
  1507 | D:3      | Reached skill level 4 in Long Blades
  1673 | D:3      | Reached XP level 4. HP: 18/37 MP: 4/4
  1720 | D:3      | Noticed Sigmund
  1985 | D:3      | Killed Sigmund
  1985 | D:3      | Reached skill level 5 in Long Blades
  1985 | D:3      | Reached skill level 1 in Stealth
  1985 | D:3      | Reached XP level 5. HP: 11/45 MP: 5/5
  2221 | D:3      | Noticed Ijyb
  2232 | D:3      | Killed Ijyb
  2639 | D:4      | Found a staircase to the Ecumenical Temple.
  2656 | Temple   | Entered the Ecumenical Temple
  2700 | Temple   | Became a worshipper of Warmaster Okawaru
  3018 | D:4      | Got a steaming quarterstaff
  3019 | D:4      | Identified the +3 quarterstaff "Rediqyd" {venom, rF+ rN+ Int-3 SInv} (You found it on level 4 of the Dungeon)
  3091 | D:4      | Reached XP level 6. HP: 51/51 MP: 6/6
  3300 | D:4      | Reached skill level 6 in Long Blades
  3621 | D:5      | Entered Level 5 of the Dungeon
  3624 | D:5      | Noticed Blork the orc
  3636 | D:5      | Killed Blork the orc
  3636 | D:5      | Your scales start taking on a glossy black colour.
  3636 | D:5      | Reached XP level 7. HP: 50/57 MP: 7/7
  3636 | D:5      | Gained mutation: You are resistant to electric shocks. (rElec) [Black Draconian growth]
  3750 | D:5      | Reached skill level 7 in Long Blades
  3858 | D:5      | Noticed Grinder
  3868 | D:5      | Killed Grinder
  3970 | D:5      | Reached * piety under Okawaru
  4341 | D:5      | Reached skill level 8 in Long Blades
  4341 | D:5      | Reached XP level 8. HP: 31/66 MP: 8/8
  4362 | D:5      | Learned a level 3 spell: Regeneration
  4747 | D:6      | Reached skill level 5 in Dodging
  5416 | D:6      | Reached ** piety under Okawaru
  5416 | D:6      | Reached skill level 9 in Long Blades
  5470 | D:7      | Reached skill level 5 in Fighting
  5505 | D:7      | Reached XP level 9. HP: 54/74 MP: 9/9
  5930 | D:7      | Reached skill level 10 in Long Blades
  6019 | D:7      | Reached skill level 1 in Shields
  6221 | D:7      | Reached *** piety under Okawaru
  6716 | D:8      | Noticed a two-headed ogre
  7320 | D:8      | Reached **** piety under Okawaru
  7320 | D:8      | Reached XP level 10. HP: 60/84 MP: 10/10
  7340 | D:8      | Reached skill level 11 in Long Blades
  8115 | D:8      | Found a staircase to the Lair.
  8129 | D:8      | Noticed a two-headed ogre
  8148 | D:8      | Killed a two-headed ogre
  8160 | D:8      | Found a burning altar of Makhleb.
  8718 | D:8      | Killed a two-headed ogre
  8718 | D:8      | Reached ***** piety under Okawaru
  9544 | D:8      | Reached skill level 12 in Long Blades
  9780 | D:8      | Got a pair of translucent gloves
  9791 | D:8      | Identified the +2 pair of gloves of Polish {rF+ rC+++ Str-4 Dex-5} (You found it on level 8 of the Dungeon)
 10022 | D:8      | Noticed a two-headed ogre
 10034 | D:8      | Killed a two-headed ogre
 10034 | D:8      | Received a gift from Okawaru
 10334 | D:9      | Noticed Edmund
 10409 | D:9      | Killed Edmund
 10592 | D:9      | Reached XP level 11. HP: 89/94 MP: 11/11
 10782 | D:9      | Learned a level 5 spell: Lightning Bolt
 10861 | D:9      | Found a staircase to the Orcish Mines.
 10993 | D:10     | Entered Level 10 of the Dungeon
 11074 | D:10     | Noticed a deep troll
 11161 | Lair:1   | Entered Level 1 of the Lair of Beasts
 11161 | Lair:1   | Noticed a four-headed hydra
 11217 | D:8      | Killed a nine-headed hydra
 11703 | D:8      | Received a gift from Okawaru
 12735 | Lair:1   | Received a gift from Okawaru
 12735 | Lair:1   | Reached skill level 5 in Shields
 13156 | Lair:2   | Noticed a seven-headed hydra
 14208 | Lair:2   | Killed a seven-headed hydra
 14208 | Lair:2   | Reached skill level 13 in Long Blades
 14411 | Lair:3   | Noticed a five-headed hydra
 14660 | Lair:3   | Found a staircase to the Swamp.
 14828 | Lair:2   | Killed an eight-headed hydra
 14828 | Lair:2   | Reached skill level 1 in Evocations
 15487 | Lair:3   | Reached ****** piety under Okawaru
 16029 | Lair:4   | Received a gift from Okawaru
 16029 | Lair:4   | Reached XP level 12. HP: 73/104 MP: 13/13
 16588 | Lair:4   | Noticed mandarbmax's ghost (journeyman GrEE)
 16593 | Lair:4   | Noticed damiac's ghost (journeyman DEFE)
 16738 | Lair:3   | Gained mutation: You possess an exceptional clarity of mind. [potion of mutation]
 16738 | Lair:3   | Gained mutation: You are covered in fur. (AC +1) [potion of mutation]
 16738 | Lair:3   | Gained mutation: You are resistant to hostile enchantments. (MR+) [potion of mutation]
 16738 | Lair:3   | Mangled by a redback

Vault maps used:
D:1:      minmay_arrival_jagged
D:2:      chequers_ecumenical_altar_twisty, first_bread
D:3:      st_stairs_14, uniq_iyjb, uniq_sigmund
D:4:      lemuel_upstairs_altar, minmay_temple_entry_junction_2,
          hangedman_abyss_or_decor_passed, kennysheep_opposing_triangles
D:5:      uniq_grinder, uniq_blork_the_orc
D:6:      uniq_edmund
D:7:      grunt_livestock, dk_noncrumbling_3
D:8:      lemuel_crystal_altar, minmay_lair_entry_lava, minmay_radiant
D:9:      orc_0_dummy
D:10:     minmay_cut_squares
Temple:   nicolae_temple_the_god_donut
Lair:1:   grunt_megastairs_5
Lair:3:   swamp_mist_pool, infiniplex_staircase_pool_2
Lair:4:   nicolae_spider_entry_tight_spaces, special_room, serial_bayou_pond_a

Skill      XL: |  1  2  3  4  5  6  7  8  9 10 11 |
---------------+----------------------------------+-----
Dodging        | 3 4 5 6 7 9 |  9.1
Long Blades    | 4 5 6 8 9 10 12 13 | 13.4
Fighting       | 3 5 6 7 9 |  9.4
Throwing       | 2 3 |  3.3
Stealth        | 1 |  1.2
Shields        | 2 3 6 |  6.4
Evocations     | 1 |  1.6

Action                   |  1- 3 |  4- 6 |  7- 9 | 10-12 || total
-------------------------+-------+-------+-------+-------++-------
Melee: Long sword        |    86 |   120 |   346 |   657 ||  1209
       Tailslap          |    11 |    26 |    61 |   129 ||   227
Throw: Throwing net      |       |     3 |     3 |       ||     6
       Javelin           |       |       |     5 |     9 ||    14
       Tomahawk          |       |       |       |    17 ||    17
 Abil: Breathe Lightning |       |       |     7 |    20 ||    27
Evoke: Wand              |       |       |       |    11 ||    11
       Box of beasts     |       |       |       |     2 ||     2
  Use: Potion            |     1 |     2 |     1 |    11 ||    15
       Scroll            |       |       |     9 |     5 ||    14
 Stab: Sleeping          |     2 |     3 |     1 |     3 ||     9
       Held in net/web   |       |     1 |       |       ||     1
       Paralysed         |       |       |       |     4 ||     4
       Invisible         |       |       |       |     1 ||     1
  Eat: Chunk             |     2 |     1 |    12 |    18 ||    33
       Meat ration       |       |     1 |       |       ||     1
       Royal jelly       |       |       |     1 |     8 ||     9
Armor: Skin              |    19 |    37 |   105 |   190 ||   351
Dodge: Dodged            |    66 |    79 |   201 |   397 ||   743
Block: Buckler           |       |       |    44 |    55 ||    99
       Shield            |       |       |       |   251 ||   251
       Rpst.: Long sword |    18 |    15 |    52 |    99 ||   184
